AoeStats
← Captain Insano

Nomad

506280697Analyzed
2v2 RM · 20d ago on Sep 13, 2026· 30m 52s· 4 players
Game mode
Random Map
Map size
176×176
Population
200
Speed
Normal
Resources
Standard
Victory
Conquest
Starting age
Dark Age
Ending age
Imperial Age
RankedLock teamsTeams togetherTeam positionsShared explorationLock speedFull tech treeHidden civsTurbo modeCheats
Victory
Defeat
🇺🇾 Persians · Uruguay
1275
+13
🇧🇷 Japanese · Brazil
1203
+15
🇺🇸 Celts · United States
1218
-15
🇺🇸 Wei · United States
1179
-13
CelticCyborg
7:58 Loom
12:38 Feudal Age
13:07 Double-Bit Axe
20:11 Castle Age
19:33 Fletching
24:49 Medium Warships
Captain Insano
13:48 Feudal Age
14:07 Loom
15:45 Double-Bit Axe
22:54 Castle Age
21:19 Fletching
22:55 Gold Mining
23:54 Medium Warships
24:28 Bow Saw
24:41 Bodkin Arrow
alwinmonteiro
8:05 Loom
14:10 Feudal Age
15:00 Double-Bit Axe
16:45 Fishing Lines
17:47 Gold Mining
26:03 Castle Age
23:55 Fletching
27:43 Stone Mining
28:31 Gold Shaft Mining
29:16 Pikeman
Ricky-Uruguay
6:38 Loom
14:40 Feudal Age
15:34 Double-Bit Axe
18:05 Forging
21:51 Castle Age
20:18 Fishing Lines
20:48 Gold Mining
22:40 Bow Saw
22:51 Medium Warships
23:29 Bloodlines
23:28 Husbandry
23:39 Scale Barding Armor
29:11 Wheelbarrow
31:24 Chain Barding Armor
Connection lost

Rejoining the realm…

Still unreachable

The connection could not be restored.

Session expired

The server has moved on; the page needs a fresh start.